 Dungeon Crawl Stone Soup version 0.30-a0-726-gd89dcf765f (webtiles) character file.

Game seed: 12391305521664709848

42 Bnni the Shooter (level 3, -2/28 HPs)
             Began as a Formicid Hunter on Jan 29, 2023.
             Slain by a black bear (8 damage)
             ... on level 4 of the Dungeon.
             The game lasted 00:01:00 (1514 turns).

Bnni the Shooter (Formicid Hunter)                  Turns: 1514, Time: 00:01:00

Health: -2/28      AC:  4    Str: 15    XL:     3   Next: 77%
Magic:  3/3        EV: 12    Int:  8    God:
Gold:   93         SH:  0    Dex: 19    Spells: 2/2 levels left

rFire   . . .      SeeInvis +    a - +0 shortbow
rCold   . . .      Faith    .    (no shield)
rNeg    . . .      Spirit   .    c - +0 leather armour
rPois   .          Reflect  .    (helmet unavailable)
rElec   .          Harm     .    e - +0 cloak
rCorr   .          Rampage  .    (no gloves)
Will    .....                    (no boots)
Stlth   ++                       (no amulet)
HPRegen 0.24/turn                (no ring)
MPRegen 0.08/turn                (no ring)

@: no status effects
A: permanent stasis, dig shafts and tunnels, antennae 3, four strong arms
a: Dig, Shaft Self


You were on level 4 of the Dungeon.
You visited 1 branch of the dungeon, and saw 4 of its levels.

You collected 93 gold pieces.

Inventory:

Hand Weapons
 a - a +0 shortbow (weapon)
Missiles
 s - 3 poisoned darts
Armour
 c - a +0 leather armour (worn)
 e - a +0 cloak (worn)
Wands
 t - a wand of flame (8)
Scrolls
 b - 2 scrolls of immolation
 f - 2 scrolls of teleportation {unknown}
 g - a scroll of fog {unknown}
 h - a scroll of vulnerability {unknown}
 i - a scroll of amnesia {unknown}
 n - 2 scrolls of identify {unknown}
Potions
 d - 2 potions of might {unknown}
 j - a potion of berserk rage {unknown}
 k - a potion of resistance {unknown}
 l - a potion of cancellation {unknown}
 m - a potion of haste {unknown}
 o - 2 potions of curing {unknown}
 p - a potion of mutation {unknown}
 q - a potion of magic {unknown}
 r - 2 potions of invisibility {unknown}


   Skills:
 + Level 2.8 Fighting
 * Level 4.6 Ranged Weapons
 + Level 2.2 Dodging
 - Level 1.2 Stealth


You had 2 spell levels left.
You didn't know any spells.
Your spell library was empty.

Dungeon Overview and Level Annotations

Branches:
Dungeon (3/15)

Altars:
Vehumet

Shops:
D:1 ?


Innate Abilities, Weirdness & Mutations

You cannot be hasted, slowed, berserked, paralysed or teleported.
You can dig through walls and to a lower floor.
You have a pair of large antennae on your head. (SInv)
Your four strong arms can wield two-handed weapons with a shield.


Message History

No target in view!
No target in view!
An endoplasm comes into view.
You shoot an arrow. The arrow hits the endoplasm!
You kill the endoplasm!
t - a wand of flame (8) No target in view!
No target in view!
No target in view!
You see here 3 stones.
An adder comes into view.
A sourceless malevolence fills the Dungeon...
You fall into a shaft and drop 1 floor!
The shaft crumbles and collapses.
Found a radiant altar of Vehumet.
A black bear comes into view.
The black bear growls angrily.
You shoot an arrow.
The arrow completely misses the black bear.
You shoot an arrow. The arrow hits the black bear!
The black bear is moderately wounded.
You shoot an arrow. The arrow hits the black bear.
The black bear is heavily wounded.
You shoot an arrow. The arrow hits the black bear.
The black bear is severely wounded.
The black bear goes berserk!
You shoot an arrow. The arrow hits the black bear.
The black bear is severely wounded.
You shoot an arrow. The arrow hits the black bear.
The black bear is severely wounded.
The black bear misses you. The black bear claws you. x2
The black bear bites you!
The black bear claws you but does no damage.
The black bear claws you.
* * * LOW HITPOINT WARNING * * *
You are too injured to fight recklessly!
You are too injured to fight recklessly!
You shoot an arrow. The arrow barely misses the black bear.
The black bear bites you!
You die...

..._.≈.≈.##
.§..§§§≈..#
.≈≈≈≈≈.≈..#
.......§..#
≈≈≈.≈≈≈≈..#
..........#
#..#...#.##########
#..........h......
#####.#...@###
#.####.# #.# #.#
#.# #.# #.# #.# #.#
#.# #.# #.# #.# #.#


You could see a black bear (berserk).

Vanquished Creatures
  3 dart slugs
  4 ball pythons
  3 bats
  6 endoplasms
  2 giant cockroaches
  4 goblins
  6 kobolds
  A frilled lizard (D:1)
  3 rats
32 creatures vanquished.

Notes
Turn   | Place    | Note
-------+----------+-------------------------------------------
     0 | D:1      | Bnni the Formicid Hunter began the quest for the Orb.
     0 | D:1      | Reached XP level 1. HP: 16/16 MP: 1/1
     1 | D:1      | Noticed an electric eel
    75 | D:1      | Found Uved's Magic Scroll Boutique.
   194 | D:1      | Reached XP level 2. HP: 18/23 MP: 2/2
   917 | D:2      | Reached XP level 3. HP: 28/28 MP: 3/3
  1501 | D:3      | You fall into a shaft and drop 1 floor!
  1502 | D:4      | Found a radiant altar of Vehumet.
  1507 | D:4      | Noticed a black bear
  1514 | D:4      | Slain by a black bear

Illustrated notes

Levels and vault maps discovered:
D:1:      arrival_aquarium_a, layout_basic, serial_shops, shop, serial_rivers,
          chequers_serial_rivers_room_b, chequers_serial_rivers_micro_e,
          chequers_serial_rivers_small_a, chequers_serial_rivers_micro_a,
          chequers_serial_rivers_small_a, chequers_serial_rivers_micro_b,
          kennysheep_nondescript
D:2:      layout_loops_ring, st_stairs_14
D:3:      cheibrodos_greedy_goblins, layout_basic, mainiacjoe_overflow_alcove_4
D:4:      kennysheep_big_flooded_room, layout_basic,
          mainiacjoe_overflow_concentric_impassable

Skill      XL: |  1 |
---------------+----+-----
Dodging        | 2 |  2.2
Fighting       | |  2.8
Ranged Weapons | |  4.6
Stealth        | |  1.2

Action                     || total
---------------------------++-------
   Fire: Shortbow          ||    77
 Armour: Leather armour    ||     2
  Dodge: Dodged            ||    15

Table legend: (Time is in decaauts)
 A = Elapsed time spent in this place.
 B = Non-inter-level travel time spent in this place.
 C = Inter-level travel time spent in this place.
 D = Time resting spent in this place.
 E = Time spent auto-exploring this place.
 F = Levels seen in this place.
 G = Mean time per level.
                   A        B        C        D        E       F      G
               +--------+--------+--------+--------+--------+-----+--------+
         Total |   1543 |   1514 |     29 |      0 |   1311 |   4 |  385.8 |
       Dungeon |   1543 |   1514 |     29 |      0 |   1311 |   4 |  385.8 |
               +--------+--------+--------+--------+--------+-----+--------+

Top non-repeatable levels by time:
     D:1: 896 daAuts
     D:2: 607 daAuts
     D:3: 25 daAuts
     D:4: 14 daAuts
